 Dungeon Crawl Stone Soup version 0.26-a0-690-gcb57259078 (webtiles) character file.

Game seed: 185586957734487313

952 joelaser the Skirmisher (level 7, -2/66 HPs)
             Began as a Black Draconian Artificer on Oct 24, 2020.
             Slain by a river rat (4 damage)
             ... in a sewer.
             The game lasted 00:30:49 (6496 turns).

joelaser the Skirmisher (Black Draconian Artificer) Turns: 6496, Time: 00:30:50

Health: -2/66      AC:  6    Str: 16    XL:     7   Next: 90%
Magic:  7/7        EV: 13    Int: 12    God:
Gold:   185        SH:  0    Dex: 11    Spells: 6/6 levels left

rFire    . . .     SeeInvis +   g - +2 dagger (pain)
rCold    . . .     Faith    .   (no shield)
rNeg     . . .     Spirit   .   (armour unavailable)
rPois    .         Reflect  .   (helmet restricted)
rElec    +         Harm     .   t - scarf {shadows}
rCorr    .         Rampage  .   (no gloves)
MR       .....                  (no boots)
Stlth    +.........             (no amulet)
HPRegen  0.21/turn              o - ring of see invisible
MPRegen  0.10/turn              (no ring)

@: lethally poisoned (-2 -> -8), about to teleport, stab, flying
A: breathe lightning, unfitting armour, electricity resistance, cold-blooded, AC
+6
a: Breathe Lightning


You were in a sewer.
You visited 1 branch of the dungeon, and saw 5 of its levels.
You also visited: Sewer.

You collected 185 gold pieces.

Inventory:

Hand Weapons
 g - a +2 dagger of pain (weapon)
 u - a +0 rapier
Missiles
 l - 45 poisoned darts (quivered)
Armour
 t - a scarf of shadows (worn)
Jewellery
 o - a ring of see invisible (left hand)
Wands
 b - a wand of flame (6)
 c - a wand of enslavement (6)
 d - a wand of random effects (8)
Scrolls
 a - a scroll of fog
 f - a scroll of enchant weapon
 h - 2 scrolls of remove curse
 i - 4 scrolls of identify
 k - 2 scrolls of amnesia
Potions
 m - a potion of brilliance
 s - a potion of ambrosia {unknown}


   Skills:
 * Level 7.6 Fighting
 + Level 3.7 Dodging
 - Level 0.8 Stealth
 + Level 5.6 Evocations


You had 6 spell levels left.
You didn't know any spells.
Your spell library was empty.

Dungeon Overview and Level Annotations

Branches:
Dungeon (5/15)              Sewer (1/1)
 Temple: D:4-7

Altars:
Dithmenos
Elyvilon
Kikubaaqudgha
Vehumet
Wu Jian
Yredelemnul
Zin
The Shining One


Innate Abilities, Weirdness & Mutations

You can breathe wild blasts of lightning.
Your glossy black scales are hard. (AC +6)
You cannot fit into any form of body armour.
You are resistant to electric shocks. (rElec)
You are cold-blooded and may be slowed by cold attacks.


Message History

The kobold hits you but does no damage. The frilled lizard closely misses you.
The river rat misses you. The adder misses you. The river rat bites you.
* * * LOW HITPOINT WARNING * * *
It was a potion of stabbing.
You feel ready to backstab.
You feel sick. The kobold closely misses you. The adder bites you.
* * * LOW HITPOINT WARNING * * *
The river rat barely misses you. The frilled lizard closely misses you.
The rat twitches its whiskers.
The river rat barely misses you. x2
As you read the scroll of teleportation, it crumbles to dust.
You feel strangely unstable.
* * * LOW HITPOINT WARNING * * *
You feel sick. The adder barely misses you. The kobold hits you.
* * * LOW HITPOINT WARNING * * *
The river rat bites you.
* * * LOW HITPOINT WARNING * * *
The frilled lizard bites you but does no damage.
The river rat bites you.
You die...

........≈≈≈≈.....#
.#.†....≈≈≈≈.....#
###.....≈≈≈≈.....##
###......≈≈†S.†...##
##......≈≈≈...##...#
##.....≈≈≈≈≈†###...#
#......≈≈≈≈.≈##rrr##
#.....≈≈≈≈≈≈≈.#rrr#
.......≈≈≈≈≈...S@##
.......≈≈≈≈≈≈..lK#
.......≈≈≈≈≈≈...K#
#....≈≈≈≈≈≈≈≈.....
##....≈≈≈≈≈≈≈≈....
#...≈≈≈≈≈≈≈≈#.....
##....≈≈≈≈≈≈≈##....
#.....≈≈≈≈≈≈
#.....≈≈≈≈≈≈


You could see an adder, 3 river rats, 2 kobolds, a frilled lizard and 3 rats.

Vanquished Creatures
  Sigmund (D:2)
  Eustachio (D:4)
  A phantom (D:4)
  An ogre (D:4)
  A centaur (D:5)
  2 hounds (D:5)
  An iguana (D:4)
  Natasha (twice) (D:2)
  A worker ant (D:4)
  A hound skeleton (D:4)
  6 adders
  3 gnolls (D:4)
  4 river rats (Sewer)
  A white imp (D:3)
  An ooze (D:3)
  3 worms
  3 dart slugs
  4 leopard geckos
  4 orcs (D:4)
  5 bats
  4 giant cockroaches
  8 goblins
  6 hobgoblins
  8 jackals
  15 kobolds
  A quokka (D:3)
  2 ball pythons (Sewer)
  2 frilled lizards
  A leopard gecko skeleton (D:4)
  23 rats
116 creatures vanquished.

Vanquished Creatures (collateral kills)
  Robin (D:2)
  A giant cockroach (D:2)
  A goblin (D:2)
  A hobgoblin (D:2)
4 creatures vanquished.

Vanquished Creatures (others)
  An adder (D:2)
  A hobgoblin (D:2)
  2 goblins (D:2)
  A kobold (D:2)
5 creatures vanquished.

Grand Total: 125 creatures vanquished

Notes
Turn   | Place    | Note
-------+----------+-------------------------------------------
     0 | D:1      | joelaser the Draconian Artificer began the quest for the
                  | Orb.
     0 | D:1      | Reached XP level 1. HP: 16/16 MP: 1/1
   904 | D:1      | Reached skill level 2 in Fighting
   904 | D:1      | Reached XP level 2. HP: 24/24 MP: 2/2
  1275 | D:2      | Noticed Robin
  1405 | D:2      | Noticed Sigmund
  1453 | D:2      | Killed Sigmund
  1453 | D:2      | Reached skill level 4 in Fighting
  1453 | D:2      | Reached XP level 3. HP: 20/34 MP: 3/3
  1453 | D:2      | Reached XP level 4. HP: 25/41 MP: 4/4
  1453 | D:2      | Reached XP level 5. HP: 28/47 MP: 5/5
  1579 | D:2      | Found a glowing silver altar of Zin.
  1678 | D:2      | Found a basalt altar of Yredelemnul.
  1846 | D:2      | Killed Robin
  1983 | D:2      | Noticed Natasha
  1993 | D:2      | Killed Natasha
  1993 | D:2      | Reached skill level 5 in Fighting
  2625 | D:2      | Noticed Natasha
  2650 | D:2      | Killed Natasha
  2873 | D:3      | Reached XP level 6. HP: 56/56 MP: 6/6
  4176 | D:4      | Found a glowing golden altar of the Shining One.
  4179 | D:4      | Found a shadowy altar of Dithmenos.
  4300 | D:4      | Reached skill level 6 in Fighting
  4558 | D:4      | Noticed Eustachio
  4596 | D:4      | Killed Eustachio
  4596 | D:4      | Reached skill level 5 in Evocations
  4596 | D:4      | Your scales start taking on a glossy black colour.
  4596 | D:4      | Reached XP level 7. HP: 22/64 MP: 7/7
  4596 | D:4      | Gained mutation: You are resistant to electric shocks.
                  | (rElec) [Black Draconian growth]
  4852 | D:4      | Found a radiant altar of Vehumet.
  4886 | D:4      | Found an ornate altar of the Wu Jian Council.
  4888 | D:4      | Found a white marble altar of Elyvilon.
  4976 | D:4      | HP: 3/64 [phantom (4)]
  4983 | D:4      | Reached skill level 7 in Fighting
  5341 | D:5      | Entered Level 5 of the Dungeon
  5479 | D:5      | Found an ancient bone altar of Kikubaaqudgha.
  5877 | D:5      | Found a glowing drain.
  5881 | Sewer    | Entered a sewer
  6496 | Sewer    | HP: 2/66 [river rat (2)]
  6496 | Sewer    | Slain by a river rat

Illustrated notes

Levels and vault maps discovered:
D:1:      dpeg_chamrin_arrival_tetris, layout_loops_corners
D:2:      layout_basic, lemuel_doored_altar, overflow_temple_1_default,
          minmay_cut_off, uniq_robin, uniq_sigmund, uniq_natasha
D:3:      layout_rooms, serial_aquarium, aquarium_bridge_long_joined
          [aquarium_subvault_wall, aquarium_subvault_wall,
          aquarium_subvault_bridge, aquarium_subvault_window,
          aquarium_subvault_bridge, aquarium_subvault_bridge],
          aquarium_window_corridor_2, aquarium_window_fake,
          aquarium_window_fake, aquarium_view_2b, aquarium_view_2c,
          roderic_st_hans_cross
D:4:      layout_basic, nicolae_overflow_hidden_temple, uniq_eustachio
D:5:      layout_loops_ring, kiku_gazebo_pond_becter,
          minmay_temple_entry_enclosed_plants, gup_sewer_entry_spiral
Sewer:    sewer_minmay_treatment

Skill      XL: |  1  2  3  4  5  6  7 |
---------------+----------------------+-----
Fighting       | 2 4 5 6 7 |  7.6
Evocations     | 4 5 |  5.6
Dodging        | 3 |  3.7
Stealth        | |  0.8

Action                   |  1- 3 |  4- 6 |  7- 9 || total
-------------------------+-------+-------+-------++-------
Melee: Whip              |    41 |       |       ||    41
       Tailslap          |     5 |    36 |    24 ||    65
       Dagger            |     5 |   371 |   195 ||   571
Throw: Dart              |       |    10 |     1 ||    11
 Abil: Breathe Lightning |       |       |     6 ||     6
Evoke: Wand              |     5 |    22 |     6 ||    33
  Use: Scroll            |       |     7 |     2 ||     9
       Potion            |       |       |     5 ||     5
 Stab: Sleeping          |     1 |     3 |     1 ||     5
       Distracted        |       |     1 |       ||     1
       Confused          |       |     1 |       ||     1
Armor: Skin              |    14 |   112 |    72 ||   198
Dodge: Dodged            |    21 |   239 |   173 ||   433

Table legend: (Time is in decaauts)
 A = Elapsed time spent in this place.
 B = Non-inter-level travel time spent in this place.
 C = Inter-level travel time spent in this place.
 D = Time resting spent in this place.
 E = Time spent auto-exploring this place.
 F = Levels seen in this place.
 G = Mean time per level.
                   A        B        C        D        E       F      G
               +--------+--------+--------+--------+--------+-----+--------+
         Total |   6500 |   6312 |    188 |      0 |   4454 |   6 | 1083.3 |
       Dungeon |   5884 |   5696 |    188 |      0 |   4005 |   5 | 1176.8 |
         Sewer |    616 |    616 |      0 |      0 |    449 |   1 |  616.0 |
               +--------+--------+--------+--------+--------+-----+--------+

Top non-repeatable levels by time:
     D:4: 1543 daAuts
     D:2: 1344 daAuts
     D:1: 1317 daAuts
     D:3: 1120 daAuts
   Sewer: 616 daAuts
     D:5: 559 daAuts
